3249 views
Uploaded 2019-12-01 20:41:52
Game version 1.32.0.2 / 1.32.0.2.1
44:52 long 3on3 ladder game on (6)Monsoon_LV
Saved by BEARAND
3249 views
Uploaded 2019-12-01 20:41:52
Game version 1.32.0.2 / 1.32.0.2.1
44:52 long 3on3 ladder game on (6)Monsoon_LV


200 units @ 28.8k
/ 5.2k
78 buildings @ 9.4k
/ 4.4k


| Orb of Fire | 1 | 325 |
| Potion of Healing | 4 | 600 |
| Lesser Clarity Potion | 1 | 70 |
| Scroll of Regeneration | 1 | 100 |
| Scroll of Town Portal | 3 | 1050 |
| total: | 10 | 2145g |
| Peasant | 18 | 1350 | / | 0 |
| Footman | 16 | 2160 | / | 0 |
| Sorceress | 9 | 1395 | / | 180 |
| Spell Breaker | 6 | 1290 | / | 180 |
| Mortar Team | 6 | 1080 | / | 420 |
| Siege Engine | 6 | 1170 | / | 360 |
| total: | 61 | 8445g | / | 1140w |
| Scout Tower | 12 | 360 | / | 240 |
| Arcane Tower | 3 | 210 | / | 150 |
| Altar of Kings | 1 | 180 | / | 50 |
| Barracks | 1 | 160 | / | 60 |
| Farm | 11 | 880 | / | 220 |
| Arcane Vault | 1 | 130 | / | 30 |
| Blacksmith | 1 | 140 | / | 60 |
| Town Hall | 2 | 770 | / | 410 |
| Lumber Mill | 1 | 120 | / | 0 |
| Cannon Tower | 2 | 240 | / | 200 |
| Arcane Sanctum | 2 | 300 | / | 280 |
| Workshop | 1 | 140 | / | 140 |
| Keep | 1 | 320 | / | 210 |
| Castle | 1 | 360 | / | 210 |
| total: | 33 | 3180g | / | 1490w |
| 0:02 | Peasant |
| 0:07 | Altar of Kings |
| 0:10 | Peasant |
| 0:11 | Peasant |
| 0:19 | Barracks |
| 0:34 | Farm |
| 0:39 | Peasant |
| 0:48 | Farm |
| 0:51 | Peasant |
| 1:21 | Footman |
| 1:22 | Peasant |
| 1:33 | Footman |
| 1:45 | Farm |
| 1:48 | Footman |
| 1:53 | Peasant |
| 2:19 | Summon Water Elemental |
| 3:13 | Footman |
| 3:32 | Footman |
| 3:35 | Defend |
| 4:02 | Keep |
| 4:04 | Footman |
| 4:07 | Farm |
| 4:34 | Footman |
| 4:51 | Arcane Vault |
| 4:56 | Footman |
| 5:15 | Footman |
| 5:31 | Footman |
| 6:40 | Arcane Sanctum |
| 6:42 | Arcane Sanctum |
| 6:58 | Farm |
| 7:10 | Footman |
| 7:31 | Farm |
| 7:45 | Summon Lava Spawn |
| 7:56 | Sorceress |
| 8:01 | Footman |
| 8:33 | Farm |
| 8:36 | Sorceress |
| 8:59 | Spell Breaker |
| 9:06 | Farm |
| 10:29 | Sorceress |
| 10:51 | Blacksmith |
| 11:01 | Footman |
| 11:17 | Sorceress |
| 11:39 | Brilliance Aura |
| 11:40 | Workshop |
| 11:49 | Iron Plating |
| 12:00 | Footman |
| 12:35 | Mortar Team |
| 12:36 | Mortar Team |
| 12:56 | Scroll of Town Portal |
| 13:23 | Mortar Team |
| 13:41 | Mortar Team |
| 13:45 | Black Gunpowder |
| 16:01 | Castle |
| 16:04 | Sorceress |
| 16:06 | Footman |
| 16:07 | Footman |
| 16:58 | Spell Breaker |
| 18:25 | Siege Engine |
| 18:29 | Siege Engine |
| 18:58 | Siege Engine |
| 19:32 | Siege Engine |
| 19:43 | Farm |
| 19:52 | Studded Leather Armor |
| 19:54 | Spell Breaker |
| 22:37 | Scroll of Town Portal |
| 22:37 | Orb of Fire |
| 22:37 | Potion of Healing |
| 22:39 | Lesser Clarity Potion |
| 23:09 | Potion of Healing |
| 23:10 | Potion of Healing |
| 23:56 | Scroll of Town Portal |
| 24:26 | Sorceress |
| 25:37 | Siege Engine |
| 25:46 | Spell Breaker |
| 26:56 | Siege Engine |
| 27:06 | Spell Breaker |
| 28:14 | Spell Breaker |
| 28:15 | Iron Forged Swords |
| 28:15 | Steel Plating |
| 28:48 | Farm |
| 28:49 | Farm |
| 30:52 | Soul Burn |
| 32:15 | Potion of Healing |
| 32:18 | Scroll of Regeneration |
| 33:06 | Summon Water Elemental |
| 33:27 | Town Hall |
| 33:42 | Sorceress Adept Training |
| 33:49 | Sorceress |
| 34:28 | Sorceress |
| 34:56 | Sorceress |
| 35:44 | Mortar Team |
| 35:45 | Mortar Team |
| 35:46 | Flare |
| 38:09 | Peasant |
| 38:09 | Peasant |
| 38:09 | Peasant |
| 38:10 | Peasant |
| 38:10 | Peasant |
| 38:17 | Peasant |
| 38:17 | Peasant |
| 38:17 | Peasant |
| 39:08 | Scout Tower |
| 39:08 | Scout Tower |
| 39:09 | Scout Tower |
| 39:10 | Scout Tower |
| 39:22 | Peasant |
| 39:22 | Peasant |
| 39:29 | Peasant |
| 39:34 | Arcane Tower |
| 40:26 | Summon Lava Spawn |
| 40:37 | Summon Lava Spawn |
| 41:00 | Arcane Tower |
| 41:04 | Scout Tower |
| 41:06 | Scout Tower |
| 41:06 | Scout Tower |
| 41:07 | Scout Tower |
| 41:53 | Arcane Tower |
| 42:03 | Scout Tower |
| 42:04 | Scout Tower |
| 42:04 | Scout Tower |
| 42:05 | Scout Tower |
| 42:24 | Town Hall |
| 43:15 | Cannon Tower |
| 43:17 | Cannon Tower |
| 44:03 | Lumber Mill |
| Right click | 2473 |
| Select group | 1181 |
| Select | 876 |
| Build/train/purchase | 169 |
| Misc. action | 110 |
| Assign group | 93 |
| Minimap ping | 60 |
| Resource trade | 20 |
| Use ability | 18 |
| Esc | 4 |
| Chat | 3 |


| Peasant | 20 | 1500 | / | 0 |
| Footman | 9 | 1215 | / | 0 |
| Rifleman | 5 | 1025 | / | 150 |
| Priest | 7 | 945 | / | 70 |
| Mortar Team | 23 | 4140 | / | 1610 |
| Siege Engine | 6 | 1170 | / | 360 |
| total: | 70 | 9995g | / | 2190w |
| Scout Tower | 2 | 60 | / | 40 |
| Arcane Tower | 2 | 140 | / | 100 |
| Altar of Kings | 1 | 180 | / | 50 |
| Farm | 13 | 1040 | / | 260 |
| Barracks | 1 | 160 | / | 60 |
| Blacksmith | 1 | 140 | / | 60 |
| Town Hall | 1 | 385 | / | 205 |
| Arcane Sanctum | 2 | 300 | / | 280 |
| Workshop | 2 | 280 | / | 280 |
| Keep | 1 | 320 | / | 210 |
| Castle | 1 | 360 | / | 210 |
| total: | 23 | 2545g | / | 1235w |
| 0:02 | Peasant |
| 0:07 | Altar of Kings |
| 0:15 | Farm |
| 0:17 | Peasant |
| 0:19 | Barracks |
| 0:28 | Peasant |
| 0:28 | Peasant |
| 0:48 | Peasant |
| 0:48 | Peasant |
| 0:55 | Farm |
| 1:02 | Peasant |
| 1:19 | Peasant |
| 1:24 | Farm |
| 1:30 | Peasant |
| 1:38 | Footman |
| 1:45 | Peasant |
| 1:49 | Farm |
| 2:01 | Footman |
| 2:08 | Summon Water Elemental |
| 2:11 | Scout Tower |
| 2:19 | Footman |
| 2:54 | Footman |
| 2:57 | Arcane Tower |
| 3:10 | Keep |
| 3:32 | Footman |
| 3:37 | Footman |
| 3:54 | Footman |
| 4:00 | Farm |
| 4:45 | Footman |
| 5:02 | Farm |
| 5:06 | Blacksmith |
| 5:45 | Farm |
| 5:55 | Footman |
| 6:17 | Arcane Sanctum |
| 6:20 | Arcane Sanctum |
| 6:32 | Summon Lava Spawn |
| 6:37 | Defend |
| 7:24 | Rifleman |
| 7:25 | Priest |
| 7:41 | Priest |
| 7:59 | Rifleman |
| 7:59 | Long Rifles |
| 8:03 | Farm |
| 8:19 | Priest |
| 8:43 | Castle |
| 10:15 | Rifleman |
| 10:16 | Priest |
| 10:30 | Workshop |
| 11:01 | Priest |
| 11:02 | Rifleman |
| 11:06 | Rifleman |
| 11:08 | Priest |
| 11:15 | Priest Adept Training |
| 11:19 | Priest Master Training |
| 11:26 | Workshop |
| 12:02 | Mortar Team |
| 12:06 | Fragmentation Shards |
| 12:08 | Flare |
| 12:37 | Mortar Team |
| 12:44 | Siege Engine |
| 12:45 | Siege Engine |
| 12:56 | Priest |
| 13:02 | Siege Engine |
| 14:06 | Town Hall |
| 14:24 | Siege Engine |
| 14:26 | Barrage |
| 14:45 | Scout Tower |
| 14:51 | Brilliance Aura |
| 15:54 | Siege Engine |
| 15:54 | Siege Engine |
| 16:23 | Arcane Tower |
| 17:30 | Soul Burn |
| 18:00 | Peasant |
| 18:00 | Peasant |
| 18:02 | Peasant |
| 18:02 | Peasant |
| 18:15 | Peasant |
| 18:15 | Peasant |
| 18:16 | Peasant |
| 18:17 | Peasant |
| 19:02 | Peasant |
| 19:02 | Peasant |
| 19:21 | Farm |
| 19:25 | Farm |
| 19:30 | Farm |
| 20:10 | Mortar Team |
| 20:24 | Mortar Team |
| 20:42 | Farm |
| 21:26 | Mortar Team |
| 21:26 | Mortar Team |
| 21:26 | Mortar Team |
| 21:30 | Farm |
| 25:43 | Mortar Team |
| 25:43 | Mortar Team |
| 25:43 | Mortar Team |
| 25:43 | Mortar Team |
| 25:44 | Mortar Team |
| 25:44 | Mortar Team |
| 26:01 | Mortar Team |
| 26:01 | Mortar Team |
| 26:30 | Mortar Team |
| 29:42 | Summon Water Elemental |
| 32:29 | Mortar Team |
| 32:30 | Mortar Team |
| 32:30 | Mortar Team |
| 36:34 | Mortar Team |
| 36:34 | Mortar Team |
| 36:34 | Mortar Team |
| 36:34 | Mortar Team |
| Right click | 3660 |
| Select group | 3397 |
| Select | 1280 |
| Misc. action | 199 |
| Build/train/purchase | 193 |
| Assign group | 68 |
| Use ability | 51 |
| Minimap ping | 30 |
| Esc | 14 |
| Resource trade | 12 |


| Peon | 16 | 1200 | / | 0 |
| Grunt | 6 | 1200 | / | 0 |
| Troll Headhunter | 3 | 420 | / | 60 |
| Troll Batrider | 20 | 3200 | / | 800 |
| Raider | 24 | 4320 | / | 960 |
| total: | 69 | 10340g | / | 1820w |
| Watch Tower | 7 | 770 | / | 560 |
| Altar of Storms | 1 | 180 | / | 50 |
| Barracks | 2 | 360 | / | 100 |
| Orc Burrow | 6 | 960 | / | 240 |
| War Mill | 1 | 205 | / | 0 |
| Voodoo Lounge | 1 | 130 | / | 30 |
| Great Hall | 2 | 770 | / | 370 |
| Beastiary | 2 | 290 | / | 280 |
| Stronghold | 1 | 315 | / | 190 |
| Fortress | 1 | 325 | / | 190 |
| total: | 22 | 3665g | / | 1630w |
| 0:02 | Peon |
| 0:12 | Altar of Storms |
| 0:14 | Barracks |
| 0:16 | Peon |
| 0:24 | Orc Burrow |
| 0:52 | Peon |
| 1:00 | Peon |
| 1:10 | Peon |
| 1:20 | Grunt |
| 1:20 | Grunt |
| 1:31 | Peon |
| 1:48 | Orc Burrow |
| 1:59 | Peon |
| 2:15 | Feral Spirit |
| 2:45 | Grunt |
| 2:45 | Grunt |
| 2:48 | Pillage |
| 3:02 | Barracks |
| 3:43 | War Mill |
| 4:14 | Orc Burrow |
| 4:15 | Stronghold |
| 4:47 | Voodoo Lounge |
| 4:58 | Grunt |
| 5:37 | Grunt |
| 5:58 | Orc Burrow |
| 6:00 | Steel Armor |
| 6:37 | Troll Regeneration |
| 6:37 | Troll Headhunter |
| 7:25 | Troll Headhunter |
| 8:02 | Beastiary |
| 8:03 | Beastiary |
| 8:13 | Troll Headhunter |
| 8:18 | Steel Melee Weapons |
| 9:26 | Troll Batrider |
| 9:26 | Troll Batrider |
| 9:59 | Healing Wave |
| 10:23 | Troll Batrider |
| 10:33 | Troll Batrider |
| 10:59 | Chain Lighting |
| 11:09 | Troll Batrider |
| 11:25 | Troll Batrider |
| 11:25 | Troll Batrider |
| 11:27 | Steel Ranged Weapons |
| 11:32 | Orc Burrow |
| 11:34 | Orc Burrow |
| 11:58 | Troll Batrider |
| 11:59 | Troll Batrider |
| 12:19 | Troll Batrider |
| 12:23 | Troll Batrider |
| 12:28 | Troll Batrider |
| 12:28 | Troll Batrider |
| 12:44 | Hex |
| 12:53 | Troll Batrider |
| 13:06 | Troll Batrider |
| 13:40 | Troll Batrider |
| 14:52 | Great Hall |
| 16:14 | Troll Batrider |
| 16:14 | Troll Batrider |
| 16:14 | Troll Batrider |
| 18:11 | Peon |
| 18:11 | Peon |
| 18:12 | Peon |
| 18:12 | Peon |
| 18:13 | Peon |
| 18:23 | Great Hall |
| 18:42 | Watch Tower |
| 19:24 | Ensnare |
| 19:25 | Raider |
| 19:29 | Watch Tower |
| 19:51 | Watch Tower |
| 20:20 | Fortress |
| 20:30 | Raider |
| 21:54 | Peon |
| 21:54 | Peon |
| 22:08 | Raider |
| 24:05 | Peon |
| 24:30 | Watch Tower |
| 24:30 | Watch Tower |
| 25:53 | Raider |
| 25:54 | Raider |
| 25:54 | Raider |
| 25:54 | Raider |
| 25:56 | Watch Tower |
| 25:58 | Peon |
| 28:21 | Raider |
| 28:21 | Raider |
| 30:07 | Raider |
| 30:08 | Raider |
| 31:01 | Liquid Fire |
| 31:03 | Troll Batrider |
| 32:34 | Watch Tower |
| 34:07 | Raider |
| 34:07 | Raider |
| 34:07 | Raider |
| 34:11 | Feral Spirit |
| 34:43 | Raider |
| 34:43 | Raider |
| 38:46 | Raider |
| 38:46 | Raider |
| 40:23 | Healing Wave |
| 42:14 | Raider |
| 42:15 | Raider |
| 42:15 | Raider |
| 42:38 | Raider |
| 42:50 | Thorium Armor |
| 42:53 | Thorium Melee Weapons |
| 44:35 | Raider |
| 44:35 | Raider |
| Right click | 2306 |
| Select | 600 |
| Select group | 251 |
| Use ability | 178 |
| Build/train/purchase | 99 |
| Assign group | 54 |
| Resource trade | 47 |
| Minimap ping | 21 |
| Chat | 8 |
| Remove unit | 4 |
75 units @ 6.2k
/ 0.2k
286 buildings @ 15.6k
/ 8.1k



| Scroll of Regeneration | 3 | 300 |
| Potion of Healing | 4 | 600 |
| Staff of Sanctuary | 3 | 750 |
| Orb of Fire | 2 | 650 |
| Lesser Clarity Potion | 1 | 70 |
| Staff of Teleportation | 3 | 450 |
| Boots of Speed | 3 | 750 |
| Periapt of Vitality | 3 | 975 |
| Orb of Lightning | 3 | 1125 |
| total: | 25 | 5670g |
| Peasant | 27 | 2025 | / | 0 |
| total: | 27 | 2025g | / | 0w |
| Scout Tower | 99 | 2970 | / | 1980 |
| Arcane Tower | 5 | 350 | / | 250 |
| Guard Tower | 35 | 2450 | / | 1750 |
| Altar of Kings | 1 | 180 | / | 50 |
| Farm | 4 | 320 | / | 80 |
| Lumber Mill | 2 | 240 | / | 0 |
| Town Hall | 2 | 770 | / | 410 |
| Arcane Vault | 2 | 260 | / | 60 |
| Arcane Sanctum | 1 | 150 | / | 140 |
| Keep | 1 | 320 | / | 210 |
| Castle | 1 | 360 | / | 210 |
| total: | 111 | 4890g | / | 2720w |
| 0:07 | Peasant |
| 0:07 | Peasant |
| 0:25 | Altar of Kings |
| 0:25 | Farm |
| 0:29 | Peasant |
| 0:30 | Peasant |
| 0:49 | Peasant |
| 0:49 | Peasant |
| 0:55 | Lumber Mill |
| 1:05 | Scout Tower |
| 1:10 | Farm |
| 1:13 | Peasant |
| 1:32 | Arcane Tower |
| 1:34 | Peasant |
| 1:42 | Scout Tower |
| 1:46 | Peasant |
| 1:46 | Peasant |
| 2:00 | Peasant |
| 2:00 | Peasant |
| 2:13 | Guard Tower |
| 2:17 | Scout Tower |
| 2:22 | Scout Tower |
| 2:24 | Blizzard |
| 2:41 | Peasant |
| 2:41 | Peasant |
| 2:48 | Guard Tower |
| 3:15 | Scout Tower |
| 3:16 | Scout Tower |
| 3:30 | Peasant |
| 3:33 | Improved Masonry |
| 3:46 | Guard Tower |
| 4:40 | Brilliance Aura |
| 4:41 | Keep |
| 4:56 | Farm |
| 4:56 | Farm |
| 5:04 | Staff of Teleportation |
| 5:04 | Boots of Speed |
| 5:56 | Town Hall |
| 6:18 | Scout Tower |
| 6:19 | Scout Tower |
| 6:20 | Scout Tower |
| 6:20 | Scout Tower |
| 6:21 | Scout Tower |
| 6:21 | Scout Tower |
| 6:45 | Guard Tower |
| 7:16 | Peasant |
| 7:16 | Peasant |
| 7:20 | Arcane Vault |
| 7:47 | Guard Tower |
| 8:13 | Storm Bolt |
| 8:32 | Guard Tower |
| 8:35 | Peasant |
| 8:35 | Peasant |
| 8:38 | Scroll of Regeneration |
| 8:42 | Blizzard |
| 8:44 | Potion of Healing |
| 8:49 | Scout Tower |
| 8:50 | Scout Tower |
| 8:51 | Scout Tower |
| 8:53 | Peasant |
| 8:53 | Peasant |
| 8:54 | Improved Lumber Harvesting |
| 9:10 | Scout Tower |
| 9:11 | Scout Tower |
| 9:12 | Scout Tower |
| 9:15 | Advanced Masonry |
| 9:18 | Scout Tower |
| 9:19 | Scout Tower |
| 9:32 | Guard Tower |
| 10:03 | Potion of Healing |
| 10:29 | Scout Tower |
| 10:30 | Scout Tower |
| 10:30 | Scout Tower |
| 10:31 | Scout Tower |
| 10:31 | Scout Tower |
| 10:32 | Scout Tower |
| 10:33 | Scout Tower |
| 10:33 | Scout Tower |
| 10:34 | Scout Tower |
| 10:35 | Scout Tower |
| 10:35 | Scout Tower |
| 10:36 | Scout Tower |
| 10:38 | Scout Tower |
| 10:38 | Scout Tower |
| 10:47 | Guard Tower |
| 10:49 | Peasant |
| 10:49 | Peasant |
| 10:52 | Scout Tower |
| 10:53 | Scout Tower |
| 10:54 | Scout Tower |
| 10:55 | Scout Tower |
| 11:13 | Castle |
| 11:15 | Peasant |
| 11:18 | Guard Tower |
| 11:21 | Guard Tower |
| 11:41 | Guard Tower |
| 11:51 | Staff of Teleportation |
| 11:51 | Boots of Speed |
| 12:03 | Guard Tower |
| 12:06 | Peasant |
| 12:07 | Guard Tower |
| 12:41 | Guard Tower |
| 12:46 | Peasant |
| 12:46 | Peasant |
| 12:54 | Scroll of Regeneration |
| 12:55 | Potion of Healing |
| 12:59 | Potion of Healing |
| 13:01 | Guard Tower |
| 13:03 | Scout Tower |
| 13:04 | Scout Tower |
| 13:18 | Arcane Tower |
| 13:19 | Arcane Tower |
| 13:40 | Arcane Sanctum |
| 13:51 | Lumber Mill |
| 13:54 | Guard Tower |
| 13:54 | Guard Tower |
| 14:21 | Guard Tower |
| 14:33 | Guard Tower |
| 14:37 | Scout Tower |
| 14:38 | Scout Tower |
| 15:09 | Holy Light |
| 15:47 | Guard Tower |
| 15:54 | Staff of Sanctuary |
| 16:00 | Arcane Vault |
| 16:03 | Scout Tower |
| 16:03 | Scout Tower |
| 16:11 | Scout Tower |
| 16:11 | Scout Tower |
| 16:12 | Scout Tower |
| 16:13 | Scout Tower |
| 16:16 | Guard Tower |
| 16:17 | Magic Sentry |
| 16:19 | Imbued Masonry |
| 16:23 | Scout Tower |
| 16:24 | Scout Tower |
| 16:27 | Scout Tower |
| 16:28 | Scout Tower |
| 16:28 | Scout Tower |
| 16:29 | Scout Tower |
| 16:30 | Scout Tower |
| 16:30 | Scout Tower |
| 16:32 | Advanced Lumber Harvesting |
| 16:41 | Guard Tower |
| 17:23 | Guard Tower |
| 17:29 | Guard Tower |
| 17:35 | Orb of Fire |
| 17:41 | Staff of Sanctuary |
| 17:44 | Guard Tower |
| 17:55 | Scout Tower |
| 17:56 | Scout Tower |
| 18:02 | Scout Tower |
| 18:03 | Scout Tower |
| 18:06 | Guard Tower |
| 18:18 | Guard Tower |
| 18:21 | Staff of Sanctuary |
| 18:24 | Orb of Fire |
| 18:38 | Guard Tower |
| 18:56 | Scout Tower |
| 18:57 | Scout Tower |
| 18:58 | Scout Tower |
| 18:59 | Scout Tower |
| 18:59 | Scout Tower |
| 19:00 | Scout Tower |
| 19:02 | Guard Tower |
| 19:15 | Boots of Speed |
| 19:35 | Bash |
| 19:49 | Periapt of Vitality |
| 20:05 | Arcane Tower |
| 20:26 | Staff of Teleportation |
| 20:39 | Periapt of Vitality |
| 22:55 | Scout Tower |
| 22:56 | Scout Tower |
| 22:57 | Scout Tower |
| 22:58 | Scout Tower |
| 23:57 | Arcane Tower |
| 23:58 | Scout Tower |
| 23:59 | Scout Tower |
| 24:00 | Scout Tower |
| 24:00 | Scout Tower |
| 24:56 | Brilliance Aura |
| 25:12 | Divine Shield |
| 25:33 | Guard Tower |
| 28:20 | Scroll of Regeneration |
| 28:22 | Lesser Clarity Potion |
| 28:42 | Scout Tower |
| 28:43 | Scout Tower |
| 28:43 | Scout Tower |
| 28:44 | Scout Tower |
| 29:00 | Storm Bolt |
| 30:02 | Guard Tower |
| 30:04 | Scout Tower |
| 30:05 | Scout Tower |
| 30:05 | Scout Tower |
| 30:20 | Scout Tower |
| 30:21 | Scout Tower |
| 30:22 | Scout Tower |
| 30:22 | Scout Tower |
| 30:23 | Scout Tower |
| 30:24 | Scout Tower |
| 30:56 | Guard Tower |
| 31:50 | Guard Tower |
| 32:42 | Scout Tower |
| 32:43 | Scout Tower |
| 32:43 | Scout Tower |
| 34:05 | Orb of Lightning |
| 34:05 | Orb of Lightning |
| 34:37 | Holy Light |
| 34:43 | Guard Tower |
| 34:48 | Scout Tower |
| 34:48 | Scout Tower |
| 34:49 | Scout Tower |
| 36:18 | Guard Tower |
| 36:37 | Orb of Lightning |
| 39:03 | Brilliance Aura |
| 39:08 | Town Hall |
| 40:03 | Bash |
| 42:06 | Scout Tower |
| 42:06 | Scout Tower |
| 42:07 | Scout Tower |
| 42:08 | Scout Tower |
| 42:08 | Scout Tower |
| 42:09 | Scout Tower |
| 42:41 | Periapt of Vitality |
| 43:00 | Devotion Aura |
| Right click | 4375 |
| Select group | 4280 |
| Select | 422 |
| Use ability | 237 |
| Build/train/purchase | 170 |
| Misc. action | 120 |
| Chat | 80 |
| Resource trade | 30 |
| Item give/drop | 16 |
| Assign group | 10 |
| Esc | 5 |
| Minimap ping | 5 |
| Remove unit | 1 |



| Scroll of Regeneration | 2 | 200 |
| Potion of Healing | 1 | 150 |
| Staff of Sanctuary | 4 | 1000 |
| Orb of Fire | 2 | 650 |
| Scroll of Town Portal | 1 | 350 |
| Boots of Speed | 3 | 750 |
| Staff of Teleportation | 3 | 450 |
| Orb of Lightning | 2 | 750 |
| total: | 18 | 4300g |
| Peasant | 14 | 1050 | / | 0 |
| Priest | 2 | 270 | / | 20 |
| Sorceress | 1 | 155 | / | 20 |
| total: | 17 | 1475g | / | 40w |
| Scout Tower | 128 | 3840 | / | 2560 |
| Arcane Tower | 3 | 210 | / | 150 |
| Guard Tower | 48 | 3360 | / | 2400 |
| Altar of Kings | 1 | 180 | / | 50 |
| Farm | 6 | 480 | / | 120 |
| Lumber Mill | 1 | 120 | / | 0 |
| Arcane Vault | 2 | 260 | / | 60 |
| Barracks | 3 | 480 | / | 180 |
| Town Hall | 1 | 385 | / | 205 |
| Blacksmith | 2 | 280 | / | 120 |
| Arcane Sanctum | 1 | 150 | / | 140 |
| Gryphon Aviary | 2 | 280 | / | 300 |
| Keep | 1 | 320 | / | 210 |
| Castle | 2 | 720 | / | 420 |
| total: | 147 | 6455g | / | 3735w |
| 0:01 | Peasant |
| 0:02 | Peasant |
| 0:09 | Altar of Kings |
| 0:17 | Farm |
| 0:27 | Peasant |
| 0:39 | Peasant |
| 0:46 | Farm |
| 0:49 | Lumber Mill |
| 0:51 | Peasant |
| 0:59 | Peasant |
| 1:09 | Peasant |
| 1:29 | Scout Tower |
| 1:33 | Peasant |
| 1:40 | Scout Tower |
| 1:46 | Peasant |
| 1:54 | Arcane Vault |
| 1:55 | Arcane Vault |
| 1:56 | Arcane Tower |
| 1:58 | Peasant |
| 2:08 | Blizzard |
| 2:10 | Guard Tower |
| 2:18 | Scout Tower |
| 2:20 | Scout Tower |
| 2:21 | Peasant |
| 2:23 | Peasant |
| 2:47 | Guard Tower |
| 2:48 | Guard Tower |
| 3:00 | Scout Tower |
| 3:01 | Scout Tower |
| 3:31 | Guard Tower |
| 3:32 | Guard Tower |
| 3:33 | Scout Tower |
| 3:34 | Scout Tower |
| 3:35 | Scout Tower |
| 3:43 | Peasant |
| 3:43 | Peasant |
| 3:51 | Scroll of Regeneration |
| 5:09 | Guard Tower |
| 5:09 | Guard Tower |
| 5:23 | Scout Tower |
| 5:24 | Scout Tower |
| 5:25 | Scout Tower |
| 5:41 | Scroll of Regeneration |
| 6:21 | Keep |
| 6:45 | Guard Tower |
| 6:47 | Scout Tower |
| 6:47 | Scout Tower |
| 6:47 | Scout Tower |
| 6:48 | Scout Tower |
| 6:51 | Improved Masonry |
| 7:24 | Scout Tower |
| 7:24 | Scout Tower |
| 7:25 | Scout Tower |
| 7:26 | Scout Tower |
| 7:41 | Guard Tower |
| 7:49 | Scout Tower |
| 7:57 | Scout Tower |
| 7:59 | Scout Tower |
| 8:00 | Scout Tower |
| 8:00 | Scout Tower |
| 8:42 | Brilliance Aura |
| 8:47 | Farm |
| 8:48 | Guard Tower |
| 8:58 | Guard Tower |
| 9:00 | Scout Tower |
| 9:01 | Scout Tower |
| 9:02 | Scout Tower |
| 9:03 | Castle |
| 9:16 | Arcane Sanctum |
| 9:19 | Advanced Masonry |
| 9:21 | Scout Tower |
| 9:22 | Scout Tower |
| 9:24 | Scout Tower |
| 10:04 | Guard Tower |
| 10:12 | Guard Tower |
| 10:20 | Scout Tower |
| 10:20 | Scout Tower |
| 10:21 | Scout Tower |
| 10:28 | Potion of Healing |
| 11:04 | Scout Tower |
| 11:05 | Scout Tower |
| 11:11 | Guard Tower |
| 11:13 | Guard Tower |
| 11:14 | Guard Tower |
| 11:27 | Magic Sentry |
| 11:31 | Priest |
| 11:33 | Guard Tower |
| 11:44 | Imbued Masonry |
| 11:44 | Guard Tower |
| 11:58 | Staff of Sanctuary |
| 12:20 | Storm Bolt |
| 12:36 | Farm |
| 12:58 | Boots of Speed |
| 12:58 | Staff of Teleportation |
| 12:59 | Boots of Speed |
| 13:12 | Improved Lumber Harvesting |
| 13:56 | Orb of Fire |
| 14:00 | Holy Light |
| 14:03 | Staff of Sanctuary |
| 14:53 | Orb of Fire |
| 16:04 | Staff of Sanctuary |
| 16:04 | Staff of Sanctuary |
| 16:12 | Scout Tower |
| 16:12 | Scout Tower |
| 16:12 | Scout Tower |
| 16:14 | Scout Tower |
| 16:14 | Scout Tower |
| 16:14 | Scout Tower |
| 16:20 | Scout Tower |
| 16:21 | Scout Tower |
| 16:22 | Scout Tower |
| 16:22 | Scout Tower |
| 16:23 | Scout Tower |
| 16:23 | Scout Tower |
| 16:24 | Scout Tower |
| 16:24 | Scout Tower |
| 16:25 | Scout Tower |
| 16:39 | Scout Tower |
| 16:40 | Scout Tower |
| 16:41 | Scout Tower |
| 16:41 | Scout Tower |
| 16:45 | Scout Tower |
| 16:46 | Scout Tower |
| 16:46 | Scout Tower |
| 16:48 | Advanced Lumber Harvesting |
| 17:36 | Blizzard |
| 17:50 | Guard Tower |
| 17:56 | Farm |
| 17:57 | Farm |
| 18:01 | Sorceress Adept Training |
| 18:06 | Guard Tower |
| 18:30 | Guard Tower |
| 18:57 | Guard Tower |
| 18:59 | Scout Tower |
| 19:00 | Scout Tower |
| 19:10 | Barracks |
| 19:11 | Barracks |
| 19:20 | Sorceress |
| 19:34 | Scout Tower |
| 19:35 | Scout Tower |
| 19:37 | Scout Tower |
| 19:37 | Scout Tower |
| 19:38 | Scout Tower |
| 19:39 | Scout Tower |
| 19:39 | Scout Tower |
| 19:47 | Arcane Tower |
| 20:26 | Boots of Speed |
| 20:41 | Bash |
| 20:58 | Guard Tower |
| 21:42 | Divine Shield |
| 21:54 | Scout Tower |
| 21:55 | Scout Tower |
| 21:55 | Scout Tower |
| 21:56 | Scout Tower |
| 21:56 | Scout Tower |
| 21:56 | Scout Tower |
| 21:57 | Scout Tower |
| 21:57 | Scout Tower |
| 21:57 | Scout Tower |
| 21:58 | Scout Tower |
| 21:58 | Scout Tower |
| 21:59 | Scout Tower |
| 22:51 | Guard Tower |
| 22:53 | Guard Tower |
| 22:54 | Guard Tower |
| 22:54 | Guard Tower |
| 23:08 | Guard Tower |
| 23:09 | Guard Tower |
| 23:24 | Guard Tower |
| 23:41 | Guard Tower |
| 23:43 | Arcane Tower |
| 24:02 | Guard Tower |
| 24:04 | Town Hall |
| 24:06 | Scout Tower |
| 24:07 | Scout Tower |
| 24:07 | Scout Tower |
| 24:07 | Scout Tower |
| 24:08 | Scout Tower |
| 24:08 | Scout Tower |
| 24:08 | Scout Tower |
| 24:08 | Scout Tower |
| 24:16 | Staff of Teleportation |
| 26:02 | Guard Tower |
| 27:27 | Gryphon Aviary |
| 27:28 | Barracks |
| 27:30 | Gryphon Aviary |
| 27:30 | Blacksmith |
| 30:25 | Animal War Training |
| 30:45 | Storm Bolt |
| 30:50 | Orb of Lightning |
| 30:51 | Orb of Lightning |
| 31:18 | Scout Tower |
| 31:19 | Scout Tower |
| 32:03 | Staff of Teleportation |
| 32:40 | Guard Tower |
| 32:42 | Scout Tower |
| 32:42 | Scout Tower |
| 32:43 | Scout Tower |
| 33:20 | Brilliance Aura |
| 33:31 | Guard Tower |
| 33:33 | Blacksmith |
| 34:14 | Guard Tower |
| 35:09 | Iron Forged Swords |
| 35:09 | Studded Leather Armor |
| 35:40 | Priest |
| 35:52 | Holy Light |
| 36:41 | Scout Tower |
| 36:42 | Scout Tower |
| 36:42 | Scout Tower |
| 36:43 | Scout Tower |
| 36:43 | Scout Tower |
| 36:44 | Scout Tower |
| 36:45 | Scout Tower |
| 36:45 | Scout Tower |
| 36:45 | Scout Tower |
| 36:46 | Scout Tower |
| 36:47 | Scout Tower |
| 36:47 | Scout Tower |
| 36:48 | Scout Tower |
| 36:48 | Scout Tower |
| 37:28 | Guard Tower |
| 37:54 | Guard Tower |
| 37:58 | Scout Tower |
| 37:58 | Scout Tower |
| 37:59 | Scout Tower |
| 37:59 | Scout Tower |
| 38:00 | Scout Tower |
| 38:02 | Scout Tower |
| 38:03 | Scout Tower |
| 38:03 | Scout Tower |
| 38:25 | Guard Tower |
| 38:32 | Guard Tower |
| 38:42 | Guard Tower |
| 38:46 | Guard Tower |
| 38:49 | Guard Tower |
| 39:47 | Guard Tower |
| 40:05 | Scout Tower |
| 40:06 | Scout Tower |
| 40:06 | Scout Tower |
| 40:06 | Scout Tower |
| 40:07 | Scout Tower |
| 40:07 | Scout Tower |
| 40:25 | Scroll of Town Portal |
| 40:39 | Guard Tower |
| 41:07 | Bash |
| 42:04 | Guard Tower |
| 43:47 | Divine Shield |
| 44:30 | Scout Tower |
| 44:30 | Scout Tower |
| 44:31 | Scout Tower |
| 44:31 | Scout Tower |
| 44:32 | Scout Tower |
| 44:32 | Scout Tower |
| 44:35 | Scout Tower |
| 44:35 | Scout Tower |
| Right click | 4196 |
| Select | 1020 |
| Select group | 692 |
| Build/train/purchase | 251 |
| Use ability | 205 |
| Chat | 76 |
| Resource trade | 20 |
| Misc. action | 13 |
| Assign group | 10 |
| Minimap ping | 6 |
| Item give/drop | 5 |
iggythefisk
(44:49) : 
| Healing Salve | 5 | 500 |
| Lesser Clarity Potion | 14 | 980 |
| Scroll of Speed | 1 | 50 |
| Orb of Lightning | 1 | 375 |
| Scroll of Town Portal | 3 | 1050 |
| Boots of Speed | 1 | 250 |
| Staff of Teleportation | 1 | 150 |
| Circlet of Nobility | 1 | 175 |
| Scroll of Regeneration | 1 | 100 |
| total: | 28 | 3630g |
| Peon | 26 | 1950 | / | 0 |
| Troll Batrider | 5 | 800 | / | 200 |
| total: | 31 | 2750g | / | 200w |
| Watch Tower | 13 | 1430 | / | 1040 |
| Altar of Storms | 2 | 360 | / | 100 |
| Orc Burrow | 3 | 480 | / | 120 |
| War Mill | 5 | 1025 | / | 0 |
| Voodoo Lounge | 3 | 390 | / | 90 |
| Great Hall | 1 | 385 | / | 185 |
| Beastiary | 1 | 145 | / | 140 |
| Stronghold | 1 | 315 | / | 190 |
| Fortress | 1 | 325 | / | 190 |
| total: | 28 | 4215g | / | 1675w |
| 0:01 | Peon |
| 0:03 | Altar of Storms |
| 0:08 | Orc Burrow |
| 0:11 | Peon |
| 0:28 | Peon |
| 0:46 | Peon |
| 0:48 | War Mill |
| 0:55 | Peon |
| 1:08 | Voodoo Lounge |
| 1:15 | Peon |
| 1:15 | Peon |
| 1:30 | Peon |
| 1:30 | Peon |
| 1:57 | Peon |
| 1:57 | Peon |
| 2:02 | Wind Walk |
| 2:09 | Watch Tower |
| 2:10 | Watch Tower |
| 3:06 | Watch Tower |
| 3:33 | Watch Tower |
| 3:37 | Watch Tower |
| 3:39 | Watch Tower |
| 3:44 | Healing Salve |
| 3:44 | Lesser Clarity Potion |
| 3:48 | Scroll of Speed |
| 4:02 | Watch Tower |
| 4:46 | Peon |
| 4:46 | Peon |
| 4:46 | Peon |
| 4:51 | Healing Salve |
| 4:51 | Lesser Clarity Potion |
| 5:13 | Watch Tower |
| 5:30 | Watch Tower |
| 5:49 | Watch Tower |
| 6:05 | Watch Tower |
| 6:07 | Watch Tower |
| 6:18 | Watch Tower |
| 6:19 | Critical Strike |
| 6:37 | Healing Salve |
| 6:38 | Lesser Clarity Potion |
| 6:48 | War Mill |
| 6:55 | Spiked Barricades |
| 6:56 | War Mill |
| 7:12 | War Mill |
| 9:31 | Great Hall |
| 10:25 | Voodoo Lounge |
| 10:58 | Scroll of Regeneration |
| 12:44 | Peon |
| 12:44 | Peon |
| 12:44 | Peon |
| 12:45 | Peon |
| 13:11 | Orc Burrow |
| 13:47 | Healing Salve |
| 13:47 | Lesser Clarity Potion |
| 14:33 | Boots of Speed |
| 14:41 | Peon |
| 14:41 | Peon |
| 15:15 | Peon |
| 15:15 | Peon |
| 17:09 | Peon |
| 17:09 | Peon |
| 17:37 | Peon |
| 17:54 | Wind Walk |
| 18:18 | Staff of Teleportation |
| 18:19 | Circlet of Nobility |
| 18:42 | Lesser Clarity Potion |
| 18:49 | Peon |
| 19:42 | Stronghold |
| 23:22 | Altar of Storms |
| 23:57 | Lesser Clarity Potion |
| 24:16 | Lesser Clarity Potion |
| 24:31 | Fortress |
| 26:46 | Lesser Clarity Potion |
| 27:09 | Orb of Lightning |
| 28:28 | Voodoo Lounge |
| 28:39 | Critical Strike |
| 29:33 | Lesser Clarity Potion |
| 31:00 | War Mill |
| 31:38 | Beastiary |
| 32:31 | Scroll of Town Portal |
| 32:35 | Lesser Clarity Potion |
| 32:47 | Troll Batrider |
| 32:47 | Troll Batrider |
| 32:50 | Orc Burrow |
| 34:03 | Troll Batrider |
| 34:08 | Scroll of Town Portal |
| 34:14 | Lesser Clarity Potion |
| 35:25 | Wind Walk |
| 36:30 | Liquid Fire |
| 36:31 | Troll Batrider |
| 36:44 | Lesser Clarity Potion |
| 37:10 | Scroll of Town Portal |
| 41:12 | Troll Batrider |
| 43:14 | Lesser Clarity Potion |
| 44:01 | Critical Strike |
| 44:46 | Healing Salve |
| 44:48 | Lesser Clarity Potion |
| Right click | 2748 |
| Select group | 569 |
| Assign group | 505 |
| Select | 361 |
| Build/train/purchase | 172 |
| Chat | 70 |
| Resource trade | 51 |
| Use ability | 50 |
| Item give/drop | 15 |
| Remove unit | 5 |
| Minimap ping | 5 |
| Misc. action | 1 |